 Dungeon Crawl Stone Soup version 0.23.0-38-g208d714 (webtiles) character file.

Game seed: 0

1451 Borgoz the Ducker (level 8, -5/67 HPs)
             Began as a Ghoul Gladiator on Feb 27, 2019.
             Was an Initiate of Ashenzari.
             Slain by an orc warrior
             ... wielding a +0 hand axe
              (18 damage)
             ... on level 6 of the Dungeon.
             The game lasted 00:11:39 (4156 turns).

Borgoz the Ducker (Ghoul Gladiator)                 Turns: 4156, Time: 00:11:39

Health: -5/67      AC:  8    Str: 18    XL:     8   Next: 75%
Magic:  11/11      EV: 13    Int:  3    God:    Ashenzari [......]
Gold:   318        SH:  0    Dex: 12    Spells: 13/13 levels left

rFire    . . .     SeeInvis .   a - +2 dagger (elec)
rCold    + + .     Gourm    .   (no shield)
rNeg     + + +     Faith    .   w - +2 ring mail of Impressiveness {rC+}
rPois    ∞         Spirit   .   h - +0 hat
rElec    .         Reflect  .   z - +0 cloak
rCorr    .         Harm     .   (no gloves)
MR       .....                  (no boots)
Stlth    +.........             l - amulet of regeneration
HPRegen  0.00/turn              (no ring)
MPRegen  0.12/turn              (no ring)

@: rotting
A: rotting body, claws 1, carnivore, cold resistance 1, negative energy
resistance 3, inhibited regeneration, torment resistance, unbreathing
a: Curse Item, Renounce Religion


You were on level 6 of the Dungeon.
You worshipped Ashenzari.
Ashenzari was noncommittal.
You were not hungry.

You visited 2 branches of the dungeon, and saw 7 of its levels.

You collected 318 gold pieces.

Inventory:

Hand Weapons
 a - a +2 dagger of electrocution (weapon)
 b - a +0 blowgun
 A - a +2 quarterstaff of chaos
Missiles
 c - 2 throwing nets (quivered)
 t - 9 poisoned needles
Armour
 h - a +0 hat (worn)
 w - the +2 ring mail of Impressiveness (worn) {rC+}
   (You found it on level 4 of the Dungeon)

   It protects you from cold.
 z - a +0 cloak (worn)
Jewellery
 l - an amulet of regeneration (around neck)
Wands
 y - a wand of iceblast (4)
Scrolls
 i - 2 scrolls of teleportation
 m - 4 scrolls of amnesia
 o - a scroll of fog
 q - a scroll of blinking {unknown}
 r - a scroll of immolation {unknown}
 v - a scroll of fear {unknown}
Potions
 f - 3 potions of resistance
 g - 2 potions of magic
 j - a potion of haste
 k - 3 potions of flight
 p - a potion of degeneration {unknown}
 u - a potion of might {unknown}
Comestibles
 d - 13 rations
 n - 17 chunks of flesh


   Skills:
 + Level 4.8 Fighting
 * Level 4.5 Short Blades
 - Level 1.7 Throwing
 + Level 3.2 Armour
 * Level 5.8 Dodging
 - Level 4.0 Unarmed Combat
 + Level 3.0 Spellcasting


You had 13 spell levels left.
You didn't know any spells.
Your spell library was empty.

Dungeon Overview and Level Annotations

Branches:
Dungeon (6/15)             Temple (1/1) D:4

Altars:
Ashenzari
Cheibriados
Elyvilon
Fedhas
Hepliaklqana
Kikubaaqudgha
Makhleb
Nemelex Xobeh
Okawaru
Ru
Sif Muna
Trog
Uskayaw
Wu Jian
Xom
Yredelemnul
Zin
The Shining One


Innate Abilities, Weirdness & Mutations

Your body is rotting away.
You thrive on raw meat.
You are immune to poison.
You have sharp fingernails.
You are carnivorous and can eat meat at any time.
Your flesh is cold resistant. (rC+)
You are immune to negative energy. (rN+++)
You do not regenerate when monsters are visible.
You are immune to unholy pain and torment.
You can survive without breathing.


Message History

The magic dart hits you but does no damage.
Okay, then.
Eat one of 19 chunks of flesh? (ye/n/q)
You eat one of the 19 chunks of flesh.
This raw flesh tastes great!
Something hits you. The orc warrior barely misses you.
You closely miss something.
The orc warrior hits you with a +0 hand axe!
* * * LOW HITPOINT WARNING * * *
Something hits you but does no damage. Something hits you.
* * * LOW HITPOINT WARNING * * *
You hit the orc warrior but do no damage.
Lightning courses through the orc warrior!
The orc warrior is heavily wounded.
You hit the orc warrior but do no damage.
The orc warrior is heavily wounded.
Eat one of 18 chunks of flesh? (ye/n/q)
You eat one of the 18 chunks of flesh.
This raw flesh tastes great!
The orc warrior hits you with a +0 hand axe!!
You die...

#### ##..## ##....##
##### ..#......####
##...##.# ...
#.@#..#.###.<......
.##.##o##....##.(.#.....
..#...(.....(....###....
#......##)...............
##.?..#..(..(............
...##.#......(.........#.
.......................#.
..[......(.#........##...
.P...o.).##.......#.....


You could see an orc warrior.

Vanquished Creatures
  Prince Ribbit (D:5)
  An ice beast (D:5)
  A phantom (D:4)
  3 ogres (D:5)
  2 centaurs
  A bullfrog (D:6)
  2 scorpions (D:4)
  2 hounds
  A bullfrog skeleton (D:4)
  An orc priest (D:4)
  Crazy Yiuf (D:5)
  Ijyb (D:5)
  An iguana (D:5)
  5 worker ants
  2 orc wizards (D:5)
  A howler monkey skeleton (D:4)
  4 adders
  A shadow imp (D:5)
  2 oozes
  An adder skeleton (D:6)
  A worm (D:3)
  3 dart slugs
  4 leopard geckos
  16 orcs
  A ball python (D:4)
  4 bats
  5 giant cockroaches
  5 goblins
  4 hobgoblins
  2 jackals (D:4)
  3 kobolds
  3 frilled lizards
  6 rats
91 creatures vanquished.

Notes
Turn   | Place    | Note
-------+----------+-------------------------------------------
     0 | D:1      | Borgoz the Ghoul Gladiator began the quest for the Orb.
     0 | D:1      | Reached XP level 1. HP: 17/17 MP: 0/0
   173 | D:1      | Reached XP level 2. HP: 15/24 MP: 1/1
   526 | D:1      | Reached skill level 3 in Dodging
   958 | D:2      | Reached XP level 3. HP: 18/30 MP: 2/2
  1269 | D:2      | Found a deep blue altar of Sif Muna.
  1269 | D:2      | Found a glowing golden altar of the Shining One.
  1531 | D:3      | Reached XP level 4. HP: 30/37 MP: 4/4
  1536 | D:3      | Reached skill level 1 in Armour
  2092 | D:4      | Reached skill level 1 in Spellcasting
  2168 | D:4      | Reached XP level 5. HP: 43/44 MP: 5/5
  2297 | D:4      | Got a brightly glowing ring mail
  2308 | D:4      | Identified the +2 ring mail of Impressiveness {rC+} (You
                  | found it on level 4 of the Dungeon)
  2336 | D:4      | Reached skill level 1 in Short Blades
  2561 | D:4      | Found a burning altar of Makhleb.
  2576 | D:4      | Noticed a phantom
  2625 | D:4      | Killed a phantom
  2625 | D:4      | Reached skill level 4 in Dodging
  2625 | D:4      | Reached XP level 6. HP: 31/51 MP: 7/7
  2823 | D:4      | Reached XP level 7. HP: 46/57 MP: 8/8
  3001 | D:4      | Found a staircase to the Ecumenical Temple.
  3007 | Temple   | Entered the Ecumenical Temple
  3084 | Temple   | Became a worshipper of Ashenzari the Shackled
  3175 | D:5      | Entered Level 5 of the Dungeon
  3246 | D:5      | Noticed Ijyb
  3260 | D:5      | Killed Ijyb
  3377 | D:5      | Found a blossoming altar of Fedhas.
  3392 | D:5      | Noticed Prince Ribbit
  3575 | D:5      | Killed Prince Ribbit
  3575 | D:5      | Reached skill level 5 in Dodging
  3575 | D:5      | Reached XP level 8. HP: 44/66 MP: 10/10
  3746 | D:5      | Found a runed translucent door.
  3747 | D:5      | Noticed Crazy Yiuf
  3756 | D:5      | Killed Crazy Yiuf
  4127 | D:6      | Found a basalt altar of Yredelemnul.
  4156 | D:6      | Slain by an orc warrior

Skill      XL: |  1  2  3  4  5  6  7  8 |
---------------+-------------------------+-----
Dodging        | 3 4 5 |  5.8
Unarmed Combat | 4 |  4.0
Armour         | 1 2 3 |  3.2
Spellcasting   | 1 2 3 |  3.0
Short Blades   | 2 3 4 |  4.5
Fighting       | 3 4 |  4.8
Throwing       | |  1.7

Action                   |  1- 3 |  4- 6 |  7- 9 || total
-------------------------+-------+-------+-------++-------
Melee: Unarmed           |   110 |    19 |       ||   129
       Punch             |     4 |     3 |     2 ||     9
       Dagger            |       |   105 |   149 ||   254
Throw: Throwing net      |       |       |     8 ||     8
Evoke: Wand              |       |       |     2 ||     2
  Use: Scroll            |       |     5 |     5 ||    10
       Potion            |       |       |     3 ||     3
 Stab: Sleeping          |       |     1 |       ||     1
       Held in net/web   |       |       |     1 ||     1
  Eat: Chunk             |     5 |     6 |    16 ||    27
Armor: Leather armour    |    18 |     6 |       ||    24
       Ring mail         |       |    22 |    52 ||    74
Dodge: Dodged            |    62 |    64 |   113 ||   239
